Description

The patented protoss build used in the diamond ladder by erikmaster

Replay - SkillToss

Build Order

Why is there no SALT encoding or Overwolf build?

  12  0:02  Probe  
  13  0:10  Probe  
  14  0:23  Probe  
  15  0:41  Probe  
  16  0:43  Gateway  
  16  0:48  Assimilator  
  16  0:52  Probe  
  17  1:00  Probe  
  19  1:19  Probe  
  20  1:31  Nexus  
  20  1:40  Cybernetics Core  
  20  1:43  Probe  
  21  1:53  Assimilator  
  20  1:55  Pylon  
  20  1:58  Probe  
  21  2:07  Stalker  or adept
  22  2:17  Warp Gate  
  26  2:44  Gateway  
  26  2:53  Adept  or stalker
  26  2:55  Stargate  
  33  3:22  Adept  
  37  3:32  Oracle  
  44  3:56  Pylon  
  46  4:07  Oracle  keep oracles for stasis
  46  4:09  Pylon  
  46  4:11  Shield Battery  
  51  4:29  Nexus  
  52  4:32  Pylon  
  53  4:39  Gateway  
  54  4:45  Gateway  
  54  4:48  Assimilator x2  
  55  4:57  Void Ray, Assimilator x2  hunt overlords and build more if scut roach bust
  64  5:23  Adept x2  
  75  5:58  Stargate  
  75  5:59  Fleet Beacon  not later than 6:30
  75  6:01  Forge  
  77  6:13  Adept x2  
  81  6:22  Carrier x2  
  84  6:26  Protoss Air Weapons Level 1  
  87  6:37  Protoss Ground Weapons Level 1  optional
  102  7:10  Photon Cannon x2  outside of wall to fight beside , ^
  102    Graviton Catapult  
  102  7:12  Shield Battery  ^
  106  7:31  Photon Cannon  one in each mineral line
  106  7:34  Carrier x2  
  122  8:22  Cybernetics Core  back up core and extra upgrades
      Nexus  after you have 4 carriers and wall it with gates cannons and batteries
  122  8:44  Protoss Air Weapons Level 2  
  122  8:47  Void Ray  if scout corroptors stop at 4-6 carrier and build winrays
  122  8:53  Carrier  if hydras or something els just skytoss eckss dee them
  130  9:01  Protoss Ground Armor Level 1  
  142  9:04  Stargate  
      Robotics Facility  for obs and prism
      Psionic Storm  sometime before max
Spawning Tool Build Advisor. Get it on Overwolf

Analysis

70% of the time it works everytime

But seriusly only do this in pvz and on large maps like 16-bit or darkness.

Use the 2 oracles to scout his tech and attacks and put stasis to try and delay untill critical mass as early you will be very weak.

It might feel scarry expanding this quickly with so little units but thats why this is a cheese build

Go to:

Details

  • Created by: erikamster
  • Published on: Jun 28, 2018
  • Modified on: Jan 21, 2019
  • Patch: 4.0.0
Show

Export as new Build Order

Comments (0)

There are no comments. Be the first!

Create an account to comment!